 Dungeon Crawl Stone Soup version 0.25-a0-547-g27a0b5d1ef (webtiles) character file.

Game seed: 9630549471488495304, levelgen mode: deterministic

15018 Emblim88 the Envoy of Void (level 11, -23/81 HPs)
             Began as a Demonspawn Abyssal Knight on Feb 22, 2020.
             Was a High Priest of Lugonu.
             Killed from afar by Frances (39 damage)
             ... with an iron shot
             ... on level 12 of the Dungeon.
             The game lasted 00:44:00 (13321 turns).

Emblim88 the Envoy of Void (DsAK)                  Turns: 13321, Time: 00:44:00

Health: -23/81     AC: 19    Str: 17      XL:     11   Next: 96%
Magic:  18/18      EV: 10    Int: 11 (13) God:    Lugonu [*****.]
Gold:   365        SH:  5    Dex: 12      Spells: 10/10 levels left

rFire    + . .     SeeInvis .   r - +4 short sword (distort)
rCold    . . .     Gourm    .   l - +0 buckler (curse)
rNeg     . . .     Faith    .   I - +0 chain mail
rPois    .         Spirit   .   (helmet restricted)
rElec    .         Reflect  .   z - scarf {repulsion}
rCorr    .         Harm     .   v - +2 pair of gloves
MR       .....                  G - +2 pair of boots
Stlth    ..........             h - amulet of rage
HPRegen  0.23/turn              j - +2 ring of slaying
MPRegen  0.16/turn              D - ring of protection from fire

@: repel missiles
A: horns 2, rugged brown scales 2, demonic guardian 1, frail 1
a: Depart the Abyss, Bend Space, Banish, Corrupt, Enter the Abyss, Renounce
Religion, Evoke Berserk Rage


You were on level 12 of the Dungeon.
You worshipped Lugonu.
Lugonu was extremely pleased with you.
You were not hungry.

You visited 1 branch of the dungeon, and saw 12 of its levels.
You visited the Abyss 1 time.

You collected 693 gold pieces.
You spent 328 gold pieces at shops.

Inventory:

Hand Weapons
 b - a +0 battleaxe
 g - a cursed +4 halberd
 r - a +4 short sword of distortion (weapon)
 P - a +5 long sword
Missiles
 i - 420 stones
 B - 11 boomerangs
 H - 2 throwing nets
 J - 45 poisoned darts (quivered)
 Q - 2 atropa-tipped darts
Armour
 l - a cursed +0 buckler (worn)
 v - a +2 pair of gloves (worn)
 z - a scarf of repulsion (worn)
 G - a +2 pair of boots (worn)
 I - a +0 chain mail (worn)
Jewellery
 d - an uncursed amulet of the acrobat
 h - an amulet of rage (around neck)
 j - a +2 ring of slaying (left hand)
 p - a +2 ring of dexterity
 w - an uncursed ring of flight
 D - a ring of protection from fire (right hand)
Wands
 n - a wand of paralysis (5)
 x - a wand of enslavement (18)
 y - a wand of random effects (10)
 N - a wand of scattershot (6)
 O - a wand of digging (6)
Scrolls
 e - 9 scrolls of remove curse
 k - a scroll of immolation
 s - 5 scrolls of teleportation
 t - 3 scrolls of fear
 u - a scroll of magic mapping {unknown}
 C - 2 scrolls of blinking {unknown}
 E - 3 scrolls of noise
 M - 2 scrolls of fog {unknown}
Potions
 a - a potion of haste
 f - a potion of magic {unknown}
 m - a potion of heal wounds {unknown}
 o - a potion of experience {unknown}
 q - 2 potions of lignification
 A - 2 potions of ambrosia {unknown}
 F - a potion of might {unknown}
 K - 2 potions of degeneration {unknown}
 L - a potion of mutation {unknown}
Comestibles
 c - 13 rations


   Skills:
 + Level 8.1 Fighting
 + Level 6.3(6.6) Short Blades
 + Level 2.8(5.0) Long Blades
   Level 1.4 Maces & Flails
 - Level 2.0 Polearms
 + Level 7.0 Armour
 + Level 6.8 Dodging
 + Level 6.5 Shields
 + Level 9.9 Invocations
 + Level 6.6 Evocations


You had 10 spell levels left.
You didn't know any spells.
Your spell library contained the following spells:

 Spells                   Type           Power        Failure   Level  Hunger
 Corona                   Hex            #......      99%         1    ##.....
 Infusion                 Chrm           #...         99%         1    ##.....
 Magic Dart               Conj           #...         99%         1    ##.....
 Blink                    Tloc           N/A          99%         2    ###....
 Call Imp                 Summ           #.......     99%         2    ###....
 Ensorcelled Hibernation  Hex/Ice        #.....       99%         2    ###....
 Shroud of Golubria       Chrm/Tloc      #.....       99%         2    ###....
 Slow                     Hex            #.......     99%         2    ###....
 Song of Slaying          Chrm           #.......     99%         2    ###....
 Confusing Touch          Hex            #.......     100%        3    ####...
 Conjure Flame            Conj/Fire      #.......     100%        3    ####...
 Dazzling Flash           Conj/Hex       #.....       100%        3    ####...
 Gell's Gravitas          Tloc           #.........   100%        3    ####...
 Mephitic Cloud           Conj/Pois/Air  #.......     100%        3    ####...
 Ozocubu's Armour         Chrm/Ice       #.......     100%        3    ####...
 Spectral Weapon          Hex/Chrm       #.......     100%        3    ####...
 Tukima's Dance           Hex            #.......     100%        3    ####...
 Petrify                  Tmut/Erth      #.......     100%        4    #####..
 Metabolic Englaciation   Hex/Ice        #.........   100%        5    ######.
 Yara's Violent Unravell  Hex/Tmut       #.........   100%        5    ######.


Dungeon Overview and Level Annotations

Branches:
Dungeon (12/15)            Temple (0/1) D:5            Lair (0/6) D:8
    Orc (0/2) D:12

Altars:
Cheibriados
Dithmenos
Fedhas
Gozag
Kikubaaqudgha
Nemelex Xobeh
Ru
Yredelemnul

Shops:
D:5 *   D:6 *

Annotations:
D:5 1 runed translucent door, Crazy Yiuf, Pikel
D:12 Frances
Abyss:1 Erolcha


Innate Abilities, Weirdness & Mutations

You have a pair of horns on your head.
You are mostly covered in rugged brown scales. (AC +2, +5% HP)
A weak demonic guardian rushes to your aid.
You are frail. (-10% HP)


Message History

Frances is severely wounded.
Frances hits you but does no damage.
Your ufetubus barely misses the ice devil.
Your ufetubus hits the ice devil but does no damage.
You puncture Frances!
Frances is severely wounded.
Frances blinks!
The ice devil barely misses you.
The orange demon stings you but does no damage.
Your ufetubus hits the ice devil but does no damage. x2
You swap places.
The neqoxec hits your ufetubus!
Your ufetubus dies!
The ice devil barely misses you. The neqoxec gestures at you.
You feel dopey. Something feeds on your intellect! The neqoxec gestures at you.
Something tries to feed on your intellect!
Frances mutters in a terrible tongue.
The iron shot hits you!!!
You die...

.#..+. .....#.<#...##......####
.### #........#)......... .#
#...# #..).....#)#....#### .#
...#####........#.#.....#### .#
...'...#......###.#......... .#
... ).........# #.#......... .#
##'##....#####.###.###....... .#
#........#.........# #.......
.####........#..@......###......@
....'........'...4.@.........#!..
#####.....####...4........####.[)
##'##.# #......[.....###5...
#.##.####.............5..[[.
#.##.............3.......##.
#.##...............##....##. #.#
#..............##.......
###'###.........##............


You could see Frances, an orange demon, an ice devil and a neqoxec.

Vanquished Creatures
  Nessos (D:12)
  3 two-headed ogres
  An unseen horror (D:11)
  An ugly thing (D:11)
  A cyclops (D:11)
  3 trolls
  4 hippogriffs
  5 slime creatures
  A basilisk (D:10)
  8 yaks (D:9)
  A steam dragon (D:12)
  A warg (D:12)
  An acid dragon (D:12)
  2 sky beasts
  3 black bears
  2 orc warriors (D:11)
  3 slaves (D:4)
  3 ice beasts
  A phantom (D:7)
  7 centaurs
  6 ogres
  9 bullfrogs
  A big kobold (D:8)
  Blork the orc (D:4)
  2 wyvern skeletons
  A water moccasin skeleton (D:10)
  3 scorpions
  5 wights
  3 howler monkeys
  9 jellies
  5 crimson imps
  A quasit (D:11)
  A bullfrog zombie (D:9)
  9 orc wizards
  8 orc priests
  4 hounds
  Terence (D:2)
  6 worker ants
  A hound zombie (D:9)
  A hound skeleton (D:5)
  A worker ant zombie (D:10)
  7 gnolls
  10 adders
  A shadow imp (D:5)
  4 oozes
  An adder skeleton (D:8)
  A worm (D:2)
  2 dart slugs (D:1)
  2 leopard geckos
  39 orcs
  8 giant cockroaches
  7 goblins
  8 hobgoblins
  6 jackals
  3 quokkas
  6 bats
  4 frilled lizards
  6 kobolds
  4 rats
249 creatures vanquished.

Vanquished Creatures (collateral kills)
  A sky beast (D:9)
  An orc warrior (D:10)
  A slave (D:5)
  2 ogres
  2 centaurs
  A bullfrog (D:10)
  A crimson imp (D:5)
  An orc priest (D:3)
  6 jellies
  An adder (D:4)
  A shadow imp (D:11)
  8 oozes (D:7)
  An orc (D:8)
  A kobold (D:8)
28 creatures vanquished.

Vanquished Creatures (others)
  A centaur warrior (D:11)
  A hippogriff (D:8)
  A yak (D:9)
  An orc warrior (D:11)
  An ogre (D:10)
  2 centaurs (D:11)
  A wight (D:6)
  2 bullfrog skeletons
  An iguana (D:6)
  An orc wizard (D:11)
  A killer bee zombie (D:8)
  A gnoll (D:7)
  An adder (D:9)
  2 orcs
  6 fungi (D:7)
23 creatures vanquished.

Grand Total: 300 creatures vanquished

Notes
Turn   | Place    | Note
-------+----------+-------------------------------------------
     0 | Abyss:1  | Emblim88 the Demonspawn Abyssal Knight began the quest for
                  | the Orb.
     0 | Abyss:1  | Reached XP level 1. HP: 18/18 MP: 2/2
    12 | D:1      | Escaped the Abyss
    39 | D:1      | Reached skill level 1 in Dodging
    53 | D:1      | Gained mutation: You are partially covered in rugged brown
                  | scales. (AC +1, +3% HP) [demonic ancestry]
    53 | D:1      | Reached XP level 2. HP: 8/24 MP: 4/4
   969 | D:1      | Gained mutation: You have a pair of small horns on your
                  | head. [demonic ancestry]
   969 | D:1      | Reached XP level 3. HP: 4/29 MP: 5/5
  1413 | D:2      | Found a blossoming altar of Fedhas.
  1496 | D:2      | Reached skill level 3 in Invocations
  2316 | D:3      | Found a faded altar of an unknown god.
  2316 | D:3      | Noticed Terence
  2335 | D:2      | Killed Terence
  2335 | D:2      | Reached XP level 4. HP: 25/36 MP: 6/6
  2638 | D:2      | Reached skill level 1 in Maces & Flails
  2638 | D:2      | Reached skill level 1 in Shields
  2891 | D:3      | Gained mutation: A weak demonic guardian rushes to your
                  | aid. [demonic ancestry]
  2891 | D:3      | Reached XP level 5. HP: 38/43 MP: 7/7
  3017 | D:3      | Reached ** piety under Lugonu
  3454 | D:4      | Found a basalt altar of Yredelemnul.
  3455 | D:4      | Found a sacrificial altar of Ru.
  3455 | D:4      | Found a snail-covered altar of Cheibriados.
  3456 | D:4      | Found a sparkling altar of Nemelex Xobeh.
  3599 | D:4      | Reached skill level 4 in Invocations
  3645 | D:4      | Gained mutation: You have a pair of horns on your head.
                  | [demonic ancestry]
  3645 | D:4      | Reached XP level 6. HP: 49/49 MP: 9/9
  4009 | D:4      | Reached skill level 1 in Short Blades
  4232 | D:4      | Noticed Blork the orc
  4237 | D:4      | Killed Blork the orc
  4352 | D:4      | Reached XP level 7. HP: 55/55 MP: 10/10
  4590 | D:5      | Entered Level 5 of the Dungeon
  4616 | D:5      | Found a runed translucent door.
  4617 | D:5      | Noticed Crazy Yiuf
  4650 | D:5      | Noticed Pikel
  4869 | D:5      | Found a staircase to the Ecumenical Temple.
  4870 | D:5      | Found Udoestum's Assorted Antiques.
  4881 | D:5      | Bought a scroll labeled FUGOIFR GOQO for 23 gold pieces
  4881 | D:5      | Bought a scroll of teleportation for 69 gold pieces
  4881 | D:5      | Bought a fuming silvery potion for 20 gold pieces
  4881 | D:5      | Bought a pair of glowing boots for 172 gold pieces
  4978 | D:5      | Reached skill level 1 in Evocations
  5025 | D:5      | Reached skill level 5 in Invocations
  5350 | D:6      | Found Vyeloren's Assorted Antiques.
  5354 | D:6      | Bought an emerald potion for 22 gold pieces
  5354 | D:6      | Bought a ruby potion for 22 gold pieces
  5705 | D:6      | Reached XP level 8. HP: 62/62 MP: 11/11
  6155 | D:7      | Reached skill level 5 in Fighting
  6202 | D:7      | Reached *** piety under Lugonu
  6319 | D:7      | Reached skill level 6 in Invocations
  6588 | D:7      | Found an opulent altar of Gozag.
  6613 | D:7      | Reached XP level 9. HP: 59/70 MP: 13/13
  6659 | D:7      | Got a twisted helmet
  7112 | D:8      | Reached **** piety under Lugonu
  7121 | D:8      | Found an ancient bone altar of Kikubaaqudgha.
  7142 | D:8      | Reached skill level 7 in Invocations
  7197 | D:8      | Reached skill level 5 in Armour
  7354 | D:8      | Found a staircase to the Lair.
  7691 | D:9      | Noticed a troll
  7718 | D:9      | Killed a troll
  7759 | D:9      | Reached skill level 5 in Dodging
  7850 | D:9      | Reached XP level 10. HP: 71/79 MP: 15/15
  8316 | D:9      | Reached ***** piety under Lugonu
  8317 | D:9      | Reached skill level 5 in Shields
  8337 | D:9      | Reached skill level 8 in Invocations
  8898 | D:9      | Reached skill level 5 in Evocations
  9167 | D:10     | Entered Level 10 of the Dungeon
  9180 | D:10     | Noticed a two-headed ogre
  9191 | D:10     | Killed a two-headed ogre
  9191 | D:10     | Reached skill level 5 in Short Blades
  9286 | D:10     | Noticed Erolcha
  9290 | D:10     | Banished Erolcha
  9293 | D:10     | Noticed a two-headed ogre
  9569 | D:10     | Killed a two-headed ogre
  9570 | D:10     | Gained mutation: You are mostly covered in rugged brown
                  | scales. (AC +2, +5% HP) [demonic ancestry]
  9570 | D:10     | Reached XP level 11. HP: 55/88 MP: 17/17
 10034 | D:11     | Noticed a centaur warrior
 10050 | D:11     | Banished a centaur warrior
 10050 | D:11     | Reached skill level 9 in Invocations
 10453 | D:11     | Reached skill level 1 in Long Blades
 10762 | D:11     | Noticed a purple ugly thing
 10817 | D:11     | Found a shadowy altar of Dithmenos.
 10959 | D:11     | Killed a purple ugly thing
 11042 | D:11     | Noticed a two-headed ogre
 11160 | D:11     | Killed an unseen horror
 11248 | D:11     | Banished a two-headed ogre
 11650 | D:12     | Noticed a two-headed ogre
 11768 | D:11     | Killed a two-headed ogre
 11838 | D:12     | Noticed Frances
 12181 | D:12     | Noticed Nessos
 12957 | D:12     | Killed Nessos
 13241 | D:12     | Found a staircase to the Orcish Mines.
 13298 | D:12     | Gained mutation: You are frail. (-10% HP) [a neqoxec]
 13321 | D:12     | Killed from afar by Frances

Levels and vault maps discovered:
D:1:      dpeg_arrival_arbitrary_b, layout_rooms, minmay_pentomino_q2
D:2:      layout_loops_ring, fedhas_altar_fruit_tree
D:3:      layout_basic, chequers_ecumenical_altar_simple, uniq_terence
D:4:      minmay_general_purpose_star, layout_basic,
          chequers_temple_overflow_statue_of_worship, uniq_blork_the_orc
D:5:      layout_rooms, minmay_temple_entry_arrows, serial_shops, shop,
          first_ration, chequers_arboretum, kb_lookout_dungeons_type,
          grunt_decor_mini_mirrors, uniq_pikel, uniq_crazy_yiuf_cottage
D:6:      layout_basic, serial_shops, shop_fountains
D:7:      lemuel_slime, layout_loops_ring, lemuel_doored_altar
D:8:      layout_cave_pools, lemuel_round_altar, lair_entry_dummy
D:9:      layout_stronghold, serial_co_window_serial, co_window_corner_a,
          co_window_paths_b, co_window_corner_a, co_window_corner_a,
          co_window_corner_a, co_window_paths_b, co_window_cross_3,
          co_window_corner_cb, co_window_broadway_a, co_window_unsneaky_path_e,
          co_window_2corner, co_window_unsneaky_path_e, co_window_4corner_b,
          co_window_4corner_a, glass_columns_a, glass_columns_b,
          glass_columns_c, glass_columns_a
D:10:     layout_loops_ring, uniq_erolcha
D:11:     wander_river, layout_rooms, basic_altar
D:12:     layout_basic, erik_orc_4, uniq_nessos, uniq_frances

Skill      XL: |  1  2  3  4  5  6  7  8  9 10 11 |
---------------+----------------------------------+-----
Dodging        | 1 2 3 4 5 6 |  6.8
Polearms       | 2 |  2.0
Armour         | 2 3 4 5 6 7 |  7.0
Invocations    | 3 4 5 6 7 8 9 |  9.9
Maces & Flails | 1 |  1.4
Shields        | 1 2 3 4 5 6 |  6.5
Fighting       | 4 5 6 7 8 |  8.1
Short Blades   | 1 2 3 4 5 6 |  6.3
Evocations     | 1 3 4 5 6 |  6.6
Long Blades    | 2 |  2.8

Action                   |  1- 3 |  4- 6 |  7- 9 | 10-12 || total
-------------------------+-------+-------+-------+-------++-------
Melee: Spear             |    51 |       |       |       ||    51
       Whip              |    81 |    60 |       |       ||   141
       Headbutt          |     6 |    11 |    35 |    86 ||   138
       Short sword       |       |    35 |   264 |   377 ||   676
Throw: Dart              |       |       |    15 |    49 ||    64
 Abil: Evoke Berserk Rag |       |       |       |     1 ||     1
Evoke: Wand              |       |       |       |     2 ||     2
  Use: Potion            |     1 |       |       |     5 ||     6
       Scroll            |       |       |    13 |     2 ||    15
 Stab: Distracted        |       |       |     1 |     3 ||     4
       Paralysed         |       |       |       |     1 ||     1
  Eat: Chunk             |     4 |     1 |     7 |    15 ||    27
       Ration            |       |     2 |     1 |     1 ||     4
Armor: Leather armour    |    51 |     1 |       |       ||    52
       Scale mail        |       |    25 |    85 |    27 ||   137
       Chain mail        |       |       |       |   170 ||   170
Dodge: Dodged            |    77 |    30 |   144 |   165 ||   416
       Deflected         |       |       |       |     1 ||     1
Block: Buckler           |     7 |    20 |    47 |    71 ||   145

Table legend:
 A = Non-vault XP
 B = Vault XP
 C = Vault XP percentage of total XP
 D = Non-vault monster count
 E = Vault monster count
 F = Vault count percentage of total count
                 A         B        C        D         E       F
            +---------+---------+-------+---------+---------+-------
      Total |   18312 |    3143 |  14.6 |     246 |      44 |  15.2
            +---------+---------+-------+---------+---------+-------
        D:1 |      39 |       4 |   9.3 |      19 |       2 |   9.5
        D:2 |      87 |      36 |  29.3 |      16 |       1 |   5.9
        D:3 |     115 |       0 |   0.0 |      14 |       0 |   0.0
        D:4 |     305 |     152 |  33.3 |      10 |       3 |  23.1
        D:5 |     265 |     115 |  30.3 |       8 |       1 |  11.1
        D:6 |     589 |       0 |   0.0 |      10 |       0 |   0.0
        D:7 |    1639 |     301 |  15.5 |      24 |      20 |  45.5
        D:8 |    1171 |       0 |   0.0 |      38 |       0 |   0.0
        D:9 |    2893 |       0 |   0.0 |      34 |       0 |   0.0
       D:10 |    3210 |     779 |  19.5 |      26 |       1 |   3.7
       D:11 |    6673 |     128 |   1.9 |      39 |       2 |   4.9
       D:12 |    1326 |    1628 |  55.1 |       8 |      14 |  63.6
            +---------+---------+-------+---------+---------+-------
